 Dungeon Crawl Stone Soup version 0.31-a0-152-g6aa68a64a1 (webtiles) character file.

Game seed: 8230268842212750688

78 Jeffwins the Chopper (level 4, -3/28 HPs)
             Began as an Octopode Wanderer on June 9, 2023.
             Slain by a gnoll
             ... wielding a +0 spear
              (6 damage)
             ... on level 2 of the Dungeon.
             The game lasted 00:03:56 (1970 turns).

Jeffwins the Chopper (Octopode Wanderer)            Turns: 1970, Time: 00:03:56

Health: -3/28      AC:  1    Str: 10    XL:     4   Next: 36%
Magic:  6/6        EV: 13    Int: 17    God:
Gold:   92         SH:  0    Dex: 11    Spells: 0/6 levels left

rFire   . . .        a - +2 hand axe
rCold   . . .        (no shield)
rNeg    . . .        b - +0 hat
rPois   .            (no amulet)
rElec   .            L - ring of flight
rCorr   +            R - ring of resist corrosion
SInv    .            (no ring)
Will    .....        (no ring)
Stlth   +++          (no ring)
HPRegen 0.24/turn    (no ring)
MPRegen 0.10/turn    (no ring)
                     (no ring)

%: no passive effects
@: flying
A: almost no armour, amphibious, 8 rings, camouflage 1, gelatinous body 1,
(nimble swimmer 1), tentacles
a: no special abilities


You were on level 2 of the Dungeon.
You visited 1 branch of the dungeon, and saw 3 of its levels.

You collected 105 gold pieces.
You spent 13 gold pieces at shops.


Innate Abilities, Weirdness & Mutations

You cannot wear most types of armour.
You are amphibious.
You can wear up to eight rings at the same time.
Your skin changes colour to match your surroundings (Stealth+).
Your rubbery body absorbs attacks. (AC +1, EV +1)
((You are camouflaged when in or above water. (Stealth+)))
You have tentacles for arms and can constrict up to eight enemies at once.


   Skills:
 + Level 1.1 Fighting
 * Level 4.3 Axes
 + Level 3.2 Dodging
 + Level 2.3 Stealth
 * Level 1.8 Spellcasting
 * Level 1.8 Necromancy
 * Level 0.2 Air Magic
 * Level 0.9 Poison Magic


You couldn't memorise any spells.
You knew the following spells:

 Your Spells              Type           Power      Damage    Failure   Level
p - Poisonous Vapours     Pois/Air       6%         N/A       22%         2
z - Vampiric Draining     Necr           7%         2d6       28%         3
X - Kiss of Death         Conj/Necr      16%        2d6       14%         1

Your spell library contained the following spells:

 Spells                   Type           Power      Damage    Failure   Level
 Sublimation of Blood     Necr           7%         N/A       14%         2
 Sting                    Tmut/Pois      12%        1d3       16%         1
 Shock                    Conj/Air       8%         1d3       19%         1
 Magic Dart               Conj           4%         1d3       21%         1
 Searing Ray              Conj           2%         2d4       30%         2
 Wereblood                Tmut           1%         N/A       30%         2
 Swiftness                Air            2%         N/A       47%         3
 Olgreb's Toxic Radiance  Pois           4%         N/A       78%         4
 Airstrike                Air            1%         2d(1-17)  87%         4
 Fulminant Prism          Conj/Hex       0%         3d5       89%         4
 Petrify                  Tmut/Erth      1%         N/A       89%         4
 Irradiate                Conj/Tmut      0%         3d11      99%         5
 Summon Hydra             Summ           0%         N/A       100%        7
 Chain Lightning          Conj/Air       1%         3d1       100%        9
 Fire Storm               Conj/Fire      0%         6d1       100%        9
 Shatter                  Erth           0%         3d5*      100%        9

Inventory:

Hand Weapons
 a - a +2 hand axe (weapon)
 e - a +0 trident
Missiles
 l - 6 poisoned darts
Armour
 b - a +0 hat (worn)
Jewellery
 L - a ring of flight (left tentacle)
 R - a ring of resist corrosion (right tentacle)
Scrolls
 c - a scroll of silence {!r}
 f - 2 scrolls of identify {unknown}
 i - a scroll of teleportation {unknown}
 m - a scroll of fear {unknown}
 o - a scroll of torment {unknown}
Potions
 d - a potion of lignification {unknown}
 g - a potion of ambrosia {unknown}
 h - 2 potions of might {unknown}
 j - a potion of haste {unknown}
 k - 2 potions of curing {unknown}
 n - a potion of cancellation {unknown}
 p - a potion of degeneration {unknown}

Dungeon Overview and Level Annotations

Branches:
Dungeon (3/15)

Altars:
Qazlal
Zin

Shops:
D:2

? #..####......# #.#.#..###
##...###......# #.#.#.....
#.....##......# #.#.#..##.
##....##......# #.#.>.##..
#.............# #......[##
#.#########.### ####...##. #.#
#.# #.##... #.#
######.#########.####. #######.#
#....@g.#.....##.# #. ......#.#
#.##....#.###.##.# #. #####.#.##
#.##...........#.####.
#####....###.##......#.#..#.#....
...#..........(..................
##.#.....###.####...#####.##..###
##.....#.# #........#####.##..#..
†......#.# ######.#.......##..#.#
####.....# ##.##########.....


You could see a gnoll.


Message History

Unknown command.
Things that are here:
a +0 whip; a gnoll corpse You start resting.
HP restored.
There is a stone staircase leading down, spattered with blood here.
You fly downwards.
There is a stone staircase leading up here.
Unknown command.
The gnoll hits you with a +0 spear!
There is a stone staircase leading up here.
Unknown command.
The gnoll shouts!
The gnoll misses you. The gnoll hits you with a +0 spear.
There is a stone staircase leading up here.
The gnoll hits you from afar with a +1 halberd of protection.
* * * LOW HITPOINT WARNING * * *
The gnoll hits you with a +0 spear!
* * * LOW HITPOINT WARNING * * *
You fly upwards.
There is a stone staircase leading down, spattered with blood here.
Unknown command.
Unknown command.
Unknown command.
Okay, then.
You slash the gnoll! You grab the gnoll.
The gnoll is heavily wounded.
You constrict the gnoll. The gnoll hits you with a +0 spear.
You die...

Skill      XL: |  1  2  3 |
---------------+----------+-----
Stealth        | 2 |  2.3
Fighting       | 1 |  1.1
Axes           | |  4.3
Dodging        | |  3.2
Spellcasting   | |  1.8
Necromancy     | |  1.8
Air Magic      | |  0.2
Poison Magic   | |  0.9

Action                     |  1- 3 |  4- 6 || total
---------------------------+-------+-------++-------
  Melee: Hand axe          |    61 |    20 ||    81
         Constrict         |    15 |     6 ||    21
         Tentacles         |    11 |     3 ||    14
         Punch             |     1 |       ||     1
   Cast: Vampiric Draining |     1 |       ||     1
   Stab: Sleeping          |    14 |     3 ||    17
 Armour: Skin              |     7 |       ||     7
  Dodge: Dodged            |    45 |    11 ||    56

Levels and vault maps discovered:
D:1:      heliophobic_arrival_battle_scene, layout_loops_corners
D:2:      layout_loops_cross, serial_shops, nicolae_shop_hallway_stairs,
          basic_altar, basic_ecumenical_altar, minmay_tetromino_s2
D:3:      layout_rooms, overflow_temple_1_default, zin_academy, minitemple,
          pdpol_wu_jian_five_deadly_venoms, ebering_ghost_sewer_f,
          grunt_ministairs_15, interstate_on_off

Notes
Turn   | Place    | Note
-------+----------+-------------------------------------------
     0 | D:1      | Jeffwins the Octopode Wanderer began the quest for the Orb.
     0 | D:1      | Jeffwins set off with the following items: a +2 hand axe, a
                  | +0 hat, a scroll of silence {!r}; and the following spell
                  | memorised: Kiss of Death; and the following spells
                  | available to memorise: Vampiric Draining.
     0 | D:1      | Reached XP level 1. HP: 11/11 MP: 2/2
   169 | D:1      | Reached XP level 2. HP: 17/17 MP: 3/3
   458 | D:1      | Reached XP level 3. HP: 20/22 MP: 5/5
   462 | D:1      | Learned a level 3 spell: Vampiric Draining
   555 | D:1      | Reached skill level 2 in Stealth
  1187 | D:2      | Found Cypacruus's Magic Scroll Shoppe.
  1195 | D:2      | Bought a scroll of noise for 13 gold pieces
  1329 | D:2      | Found a faded altar of an unknown god.
  1341 | D:2      | Found a stormy altar of Qazlal.
  1354 | D:2      | Reached skill level 1 in Fighting
  1354 | D:2      | Reached XP level 4. HP: 23/28 MP: 6/6
  1359 | D:2      | Learned a level 2 spell: Poisonous Vapours
  1794 | D:3      | Found a glowing silver altar of Zin.
  1968 | D:3      | HP: 2/28 [gnoll/+0 spear (8)]
  1970 | D:2      | Slain by a gnoll

Vanquished Creatures
  A gnoll (D:2)
  An adder (D:2)
  A worm (D:2)
  A dart slug (D:1)
  7 ball pythons
  4 endoplasms
  2 giant cockroaches (D:1)
  6 goblins
  4 hobgoblins
  4 jackals (D:2)
  4 quokkas
  4 bats
  5 kobolds
  4 rats
48 creatures vanquished.

Table legend: (Time is in decaauts)
 A = Elapsed time spent in this place.
 B = Non-inter-level travel time spent in this place.
 C = Inter-level travel time spent in this place.
 D = Time resting spent in this place.
 E = Time spent auto-exploring this place.
 F = Levels seen in this place.
 G = Mean time per level.
                   A        B        C        D        E       F      G
               +--------+--------+--------+--------+--------+-----+--------+
         Total |   1977 |   1923 |     54 |     68 |   1444 |   3 |  659.0 |
       Dungeon |   1977 |   1923 |     54 |     68 |   1444 |   3 |  659.0 |
               +--------+--------+--------+--------+--------+-----+--------+

Top non-repeatable levels by time:
     D:2: 861 daAuts
     D:1: 808 daAuts
     D:3: 307 daAuts

Table legend:
 A = Non-vault XP
 B = Vault XP
 C = Vault XP percentage of total XP
 D = Non-vault monster count
 E = Vault monster count
 F = Vault count percentage of total count
                 A         B        C        D         E       F
            +---------+---------+-------+---------+---------+-------
      Total |      90 |      22 |  19.6 |      45 |       3 |   6.2
            +---------+---------+-------+---------+---------+-------
        D:1 |      47 |       0 |   0.0 |      27 |       0 |   0.0
        D:2 |      35 |      22 |  38.6 |      13 |       3 |  18.8
        D:3 |       8 |       0 |   0.0 |       5 |       0 |   0.0
            +---------+---------+-------+---------+---------+-------
